AoeStats
← 我不是吴亦凡

Arabia

507035214Analyzed
1v1 RM · 17d ago on Sep 16, 2026· 25m 36s· 2 players
Game mode
Random Map
Map size
Tiny (2 player)
Population
200
Speed
Normal
Resources
Standard
Victory
Conquest
Starting age
Dark Age
Ending age
Imperial Age
RankedLock teamsTeams togetherTeam positionsShared explorationLock speedFull tech treeHidden civsTurbo modeCheats
Victory
Defeat
🇨🇭 Japanese · Switzerland
668
+15
🇨🇳 Armenians · China
657
-15
我不是吴亦凡
0:49 Loom
10:49 Feudal Age
12:07 Wheelbarrow
11:21 Double-Bit Axe
11:21 Horse Collar
11:32 Town Watch
12:59 Man-at-Arms
14:31 Gold Mining
16:03 Long Swordsman
16:41 Long Swordsman
20:09 Arson
21:46 Forging
22:37 Scale Mail Armor
kuronin
6:09 Loom
12:21 Feudal Age
13:20 Man-at-Arms
14:58 Scale Mail Armor
15:50 Arson
16:14 Double-Bit Axe
18:42 Horse Collar
22:16 Castle Age
Connection lost

Rejoining the realm…

Still unreachable

The connection could not be restored.

Session expired

The server has moved on; the page needs a fresh start.